 Dungeon Crawl Stone Soup version 0.30-a0-652-gcc886f7154 (webtiles) character file.

Game seed: 11581391318523214979

2676 Dittersdorf the Trooper (level 9, 0/59 HPs)
             Began as a Gargoyle Fighter on Jan 17, 2023.
             Slain by a gnoll sergeant
             ... wielding a +0 halberd
              (5 damage)
             ... in a bailey.
             The game lasted 00:11:53 (6018 turns).

Dittersdorf the Trooper (Gargoyle Fighter)          Turns: 6018, Time: 00:11:53

Health: 0/59       AC: 20    Str: 28    XL:     9   Next: 64%
Magic:  9/9        EV:  8    Int: 10    God:
Gold:   348        SH:  5    Dex:  9    Spells: 8/8 levels left

rFire   . . .      SeeInvis .    x - +1 flail (drain)
rCold   + . .      Faith    .    c - +0 buckler
rNeg    + . .      Spirit   .    A - +2 chain mail {rC+}
rPois   ∞          Reflect  .    (no helmet)
rElec   +          Harm     .    (no cloak)
rCorr   .          Rampage  .    w - +0 pair of gloves of Action {Str+5}
Will    .....                    (no boots) Stlth
                                 q - amulet of regeneration
HPRegen 1.09/turn                (no ring)
MPRegen 0.11/turn                (no ring)

@: mighty
A: sickness immunity, AC +6, negative energy resistance 1, electricity
resistance, torment resistance 1, petrification resistance
a: no special abilities


You were in a bailey.
You visited 2 branches of the dungeon, and saw 8 of its levels.
You also visited: Sewer, Ossuary and Bailey.

You collected 348 gold pieces.

Inventory:

Hand Weapons
 u - a +0 morningstar
 x - a +1 flail of draining (weapon)
Missiles
 m - 5 curare-tipped darts (quivered)
 y - 5 throwing nets
Armour
 c - a +0 buckler (worn)
 w - the +0 pair of gloves of Action (worn) {Str+5}
   (You found it on level 4 of the Dungeon)

   Str:       It affects your strength (+5).
 A - a +2 chain mail of cold resistance (worn)
Jewellery
 q - an amulet of regeneration (around neck)
Wands
 B - a wand of flame (16)
Scrolls
 g - a scroll of enchant armour
 j - 7 scrolls of teleportation
 l - 2 scrolls of poison
 p - 3 scrolls of fog
 v - 2 scrolls of blinking
 z - 2 scrolls of brand weapon
Potions
 b - a potion of attraction {unknown}
 d - 3 potions of might
 e - a potion of resistance
 h - 2 potions of cancellation
 i - 3 potions of heal wounds
 k - 4 potions of haste
 n - 3 potions of magic
 r - 2 potions of mutation
 s - a potion of experience {unknown}
 t - a potion of flight {unknown}
 C - a potion of berserk rage {unknown}
Miscellaneous
 o - a piece from Xom's chessboard (15/15)


   Skills:
 + Level 7.8 Fighting
 + Level 6.7 Maces & Flails
 + Level 7.7 Armour
 + Level 7.7 Shields


You had 8 spell levels left.
You didn't know any spells.
Your spell library contained the following spells:

 Spells                   Type           Power      Damage    Failure   Level
 Dispel Undead            Necr           0%         3d6       100%        4
 Death Channel            Necr           0%         N/A       100%        6
 Cigotuvi's Dreadful Rot  Necr/Pois/Air  Unusable   N/A       N/A         2

Dungeon Overview and Level Annotations

Branches:
Dungeon (7/15)             Temple (1/1) D:6           Sewer (visited)
Ossuary (visited)          Bailey (1/1)

Altars:
Cheibriados
Dithmenos
Elyvilon
Fedhas
Hepliaklqana
Kikubaaqudgha
Nemelex Xobeh
Qazlal
Ru
Sif Muna
Trog
Uskayaw
Vehumet
Wu Jian
Xom
Yredelemnul
Zin
The Shining One


Innate Abilities, Weirdness & Mutations

You are immune to sickness and miasma.
Your stone body is resilient. (AC +6)
You are immune to poison.
You resist negative energy. (rN+)
You are resistant to electric shocks. (rElec)
You are resistant to unholy torment.
You are immune to petrification.


Message History

The gnoll hits you from afar with a +0 spear.
* * * LOW HITPOINT WARNING * * *
The gnoll barely misses you.
The gnoll sergeant hits you but does no damage.
You barely miss the gnoll.
The gnoll is severely wounded.
The gnoll hits you but does no damage. You block the gnoll's attack.
The gnoll hits you from afar with a +0 halberd.
* * * LOW HITPOINT WARNING * * *
The gnoll sergeant hits you from afar with a +0 halberd.
* * * LOW HITPOINT WARNING * * *
The gnoll attacks as you move away! The gnoll hits you with a +0 halberd.
* * * LOW HITPOINT WARNING * * *
You block the gnoll's attack.
There is a gate leading back out of this place here.
You feel very mighty all of a sudden. The gnoll barely misses you.
You feel much better. The gnoll hits you but does no damage.
The gnoll hits you but does no damage. x2
The gnoll sergeant closely misses you. The gnoll barely misses you.
You barely miss the gnoll.
The gnoll is severely wounded.
You block the gnoll's attack. The gnoll barely misses you.
The gnoll sergeant hits you from afar with a +0 halberd!
The gnoll hits you but does no damage.
You barely miss the gnoll.
The gnoll is severely wounded.
The gnoll hits you with a +0 halberd. You block the gnoll's attack.
The gnoll sergeant closely misses you. The gnoll hits you but does no damage.
You barely miss the gnoll.
The gnoll is severely wounded.
The gnoll hits you with a +0 halberd!
* * * LOW HITPOINT WARNING * * *
The gnoll hits you from afar with a +0 halberd.
* * * LOW HITPOINT WARNING * * *
The gnoll sergeant barely misses you. The gnoll hits you but does no damage.
The gnoll hits you from afar with a +0 halberd.
* * * LOW HITPOINT WARNING * * *
The gnoll sergeant hits you from afar with a +0 halberd.
You die...

...≈≈♣♣ #..≈.♣
#..≈.♣♣ #..≈..♣♣ ##
#..≈...♣ .##
#..≈...♣
..######..≈...♣♣
...#...'...÷..g♣♣♣#
).)'...'...).ggg@∩#
).)#...'......g♣♣♣#
..######..≈...♣♣
.## #..≈..♣♣ ##
#..≈..♣ #..≈..♣
#..≈.♣♣ ###..≈.♣
#...≈≈♣♣


You could see a gnoll sergeant and 4 gnolls.

Vanquished Creatures
  2 water moccasins (D:5)
  An orc warrior (D:7)
  A black bear (D:6)
  A centaur (D:7)
  2 phantoms
  3 kobold brigands
  4 elf zombies (Ossuary)
  A necrophage (D:5)
  A gnoll sergeant (Bailey)
  3 scorpions
  4 wights (D:7)
  A howler monkey (D:4)
  A centaur zombie (Ossuary)
  4 hounds
  7 human zombies (Ossuary)
  A gnoll bouda (Bailey)
  Jessica (D:3)
  An iguana (D:6)
  3 orc wizards
  3 mummies (Ossuary)
  20 gnolls
  3 river rats
  11 adders
  A shadow imp (D:5)
  A white imp (D:7)
  An ufetubus (D:7)
  A worm zombie (D:5)
  A worm (D:4)
  2 dart slugs
  14 orcs
  13 ball pythons
  9 bats
  4 endoplasms
  2 giant cockroaches (D:1)
  8 goblins
  7 hobgoblins
  4 jackals (D:5)
  6 quokkas
  4 frilled lizards
  27 kobolds
  A kobold zombie (D:5)
  17 rats
  A butterfly (D:4)
203 creatures vanquished.

Vanquished Creatures (others)
  3 fungi (D:5)
3 creatures vanquished.

Grand Total: 206 creatures vanquished

Notes
Turn   | Place    | Note
-------+----------+-------------------------------------------
     0 | D:1      | Dittersdorf the Gargoyle Fighter began the quest for the
                  | Orb.
     0 | D:1      | Reached XP level 1. HP: 14/14 MP: 1/1
   130 | D:1      | Reached XP level 2. HP: 16/19 MP: 2/2
   471 | D:1      | Reached XP level 3. HP: 23/23 MP: 3/3
  1324 | D:2      | Reached XP level 4. HP: 29/29 MP: 4/4
  1950 | D:3      | Noticed Jessica
  1957 | D:3      | Killed Jessica
  2512 | D:4      | Reached XP level 5. HP: 33/33 MP: 5/5
  2543 | D:4      | Found a glowing drain.
  2586 | Sewer    | Entered a sewer
  2816 | Sewer    | Reached XP level 6. HP: 37/39 MP: 6/6
  3195 | D:4      | Found a hazy altar of Hepliaklqana.
  3258 | D:4      | Reached skill level 5 in Fighting
  3268 | D:4      | Reached skill level 5 in Armour
  3268 | D:4      | Reached skill level 5 in Shields
  3268 | D:4      | Reached XP level 7. HP: 44/44 MP: 7/7
  3291 | D:4      | Identified the +0 pair of gloves of Action {Str+5}
  3309 | D:4      | Found a shimmering altar of Xom.
  3697 | D:4      | HP: 2/44 [gnoll/+0 flail (3)]
  3938 | D:5      | Entered Level 5 of the Dungeon
  4009 | D:5      | Found a snail-covered altar of Cheibriados.
  4096 | D:5      | Found a sparkling altar of Nemelex Xobeh.
  4165 | D:5      | Found a sand-covered staircase.
  4188 | D:5      | Reached XP level 8. HP: 50/51 MP: 8/8
  4191 | Ossuary  | Entered an ossuary
  4276 | Ossuary  | Reached skill level 5 in Maces & Flails
  4920 | D:6      | Found a staircase to the Ecumenical Temple.
  4937 | Temple   | Entered the Ecumenical Temple
  5244 | D:6      | Found a hide-covered altar of Uskayaw.
  5271 | D:6      | Reached XP level 9. HP: 57/57 MP: 9/9
  5775 | D:7      | Found a flagged portal.
  5780 | Bailey   | Entered a bailey
  5799 | Bailey   | HP: 2/58 [gnoll/+0 halberd (12)]
  6018 | Bailey   | Slain by a gnoll sergeant

Illustrated notes

Levels and vault maps discovered:
D:1:      dpeg_arrival_lava_temple_mockup, layout_basic
D:2:      minmay_spotlight, layout_basic
D:3:      layout_basic, serial_glass, glass_columns_a, glass_columns_c,
          minivault_19, uniq_jessica
D:4:      layout_basic, mainiacjoe_overflow_cross_hatched, xom_butterflies,
          cheibrodos_sewer_entry_sluice, grunt_ministairs_4,
          minmay_crystal_water
D:5:      layout_basic, nemelex_diamond_rough_becter,
          mainiacjoe_overflow_chevrons, enter_ossuary_3
D:6:      layout_rooms, mainiacjoe_overflow_catwalk, minmay_temple_entry_glass,
          item_on_display_a
D:7:      layout_cave_pools, mainiacjoe_overflow_surrounded_room,
          nicolae_gozag_seed_capital, enter_bailey_3, hangedman_decor_slide_cut
Temple:   hellmonk_temple_forest_ring
Bailey:   bailey_polearm_gnolls_kennysheep, bailey

Skill      XL: |  1  2  3  4  5  6  7  8  9 |
---------------+----------------------------+-----
Fighting       | 4 5 7 |  7.8
Armour         | 4 5 6 7 |  7.7
Shields        | 4 5 6 7 |  7.7
Maces & Flails | 3 4 5 6 |  6.7

Action                   |  1- 3 |  4- 6 |  7- 9 || total
-------------------------+-------+-------+-------++-------
Melee: Flail             |   128 |   222 |   485 ||   835
  Use: Scroll            |       |    11 |     8 ||    19
       Potion            |       |       |     6 ||     6
Armor: Scale mail        |    99 |   186 |   195 ||   480
       Chain mail        |       |       |   235 ||   235
Dodge: Dodged            |    65 |   138 |   265 ||   468
Block: Buckler           |    38 |    73 |   127 ||   238

Table legend: (Time is in decaauts)
 A = Elapsed time spent in this place.
 B = Non-inter-level travel time spent in this place.
 C = Inter-level travel time spent in this place.
 D = Time resting spent in this place.
 E = Time spent auto-exploring this place.
 F = Levels seen in this place.
 G = Mean time per level.
                   A        B        C        D        E       F      G
               +--------+--------+--------+--------+--------+-----+--------+
         Total |   6216 |   5983 |    233 |     54 |   3824 |  11 |  565.1 |
       Dungeon |   4966 |   4746 |    220 |     16 |   3275 |   7 |  709.4 |
        Temple |    152 |    139 |     13 |      0 |    129 |   1 |  152.0 |
         Sewer |    570 |    570 |      0 |      0 |    325 |   1 |  570.0 |
       Ossuary |    283 |    283 |      0 |      0 |     61 |   1 |  283.0 |
        Bailey |    242 |    242 |      0 |     38 |     34 |   1 |  242.0 |
               +--------+--------+--------+--------+--------+-----+--------+

Top non-repeatable levels by time:
     D:4: 988 daAuts
     D:1: 883 daAuts
     D:3: 852 daAuts
     D:2: 770 daAuts
     D:5: 739 daAuts
   Sewer: 570 daAuts
     D:6: 449 daAuts
     D:7: 283 daAuts
 Ossuary: 283 daAuts
  Bailey: 242 daAuts
  Temple: 152 daAuts
